 Dungeon Sprint DCSS version 0.21.1-1-g345015f (webtiles) character file.

24 sankara the Shield-Bearer (level 3, -8/30 HPs)
             Began as a Formicid Fighter on Apr 3, 2018.
             Mangled by an ogre
             ... wielding a +0 giant club
              (22 damage)
             ... in the Dungeon (Sprint I: "Red Sonja").
             The game lasted 00:00:53 (131 turns).

sankara the Shield-Bearer (Formicid Fighter)         Turns: 131, Time: 00:00:54

Health: -8/30      AC:  7    Str: 21    XL:     3   Next: 15%
Magic:  3/3        EV:  8    Int:  7    God:
Gold:   0          SH:  9    Dex: 10    Spells: 2/2 levels left

rFire    . . .     SeeInvis +   a - +0 trident
rCold    . . .     Gourm    .   c - +0 shield
rNeg     . . .     Faith    .   b - +0 scale mail
rPois    .         Spirit   .   (helmet unavailable)
rElec    .         Reflect  .   (no cloak)
rCorr    .         Harm     .   (no gloves)
MR       .....                  (no boots)
Stlth    +.........             (no amulet)
HPRegen  0.10/turn              (no ring)
MPRegen  0.08/turn              (no ring)

@: no status effects
A: permanent stasis, dig shafts and tunnels, four strong arms, antennae 3
a: Dig


You were in the Dungeon.
You were not hungry.

You visited 1 branch

Inventory:

Hand Weapons
 a - a +0 trident (weapon)
Armour
 b - a +0 scale mail (worn)
 c - a +0 shield (worn)
Wands
 l - a wand of random effects (20)
   (You took it off Ijyb in the Dungeon)
Scrolls
 k - a scroll of blinking {!r}
Potions
 d - a potion of might
 e - a potion of curing
 g - a potion of heal wounds
 h - a potion of haste
 i - 2 potions of magic
 j - a potion of berserk rage {!q}
Comestibles
 f - a ration


   Skills:
 + Level 4.0 Fighting
 * Level 3.5 Polearms
 + Level 4.0 Armour
 + Level 1.6 Dodging
 + Level 2.5 Stealth
 + Level 4.4 Shields


You had 2 spell levels left.
You didn't know any spells.

Dungeon Overview and Level Annotations

Branches:
Dungeon (1/1)

Altars:


Innate Abilities, Weirdness & Mutations

You cannot be hasted, slowed, berserked, paralysed or teleported.
You can dig through walls and to a lower floor.
Your four strong arms can wield two-handed weapons with a shield.
You have a pair of large antennae on your head. (SInv)


Message History

You closely miss Ijyb.
Ijyb is moderately wounded.
Ijyb hits you but does no damage. You block Ijyb's attack.
You closely miss Ijyb.
Ijyb is moderately wounded.
Ijyb hits you but does no damage.
You closely miss Ijyb.
Ijyb is moderately wounded.
Ijyb screams, "I dance on your bones!" Ijyb hits you.
You closely miss Ijyb.
Ijyb is moderately wounded.
Ijyb barely misses you. You block Ijyb's attack.
You hit Ijyb but do no damage.
Ijyb is moderately wounded.
Ijyb hits you.
You hit Ijyb.
Ijyb is heavily wounded.
Ijyb hits you but does no damage.
You closely miss Ijyb.
Ijyb is heavily wounded.
You block Ijyb's attack.
You closely miss Ijyb.
Ijyb is heavily wounded.
You block Ijyb's attack.
Ijyb screams, "You nasty!
Big nasty!"
Ijyb hits you.
You are too injured to fight recklessly!
You are too injured to fight recklessly!
You are too injured to fight recklessly!
You barely miss Ijyb.
Ijyb is heavily wounded.
Ijyb barely misses you.
You closely miss Ijyb.
Ijyb is heavily wounded.
Ijyb hits you but does no damage.
You barely miss Ijyb.
Ijyb is heavily wounded.
Ijyb hits you but does no damage.
You barely miss Ijyb.
Ijyb is heavily wounded.
You block Ijyb's attack.
You closely miss Ijyb.
Ijyb is heavily wounded.
Ijyb barely misses you. Ijyb screams, "Me stronger than you!"
Ijyb closely misses you.
You hit Ijyb but do no damage.
Ijyb is heavily wounded.
Ijyb hits you but does no damage.
You hit Ijyb.
Ijyb is severely wounded.
Ijyb completely misses you.
You hit Ijyb.
Ijyb is almost dead.
Ijyb hits you but does no damage. x2
You hit Ijyb.
You kill Ijyb!
Your Fighting skill increases to level 4!
Your Polearms skill increases to level 3!
Your Armour skill increases to level 4!
Your Dodging skill increases to level 1!
Your Stealth skill gained 2 levels and is now at level 2!
Your Shields skill increases to level 4!
You have reached level 2!
You have reached level 3!
Your experience leads to an increase in your attributes!
Increase (S)trength, (I)ntelligence, or (D)exterity?
You feel stronger.
l - a wand of random effects (20)
There is an open door, spattered with blood here.
You see here a ring mail.
m - a ring mail Drop what? 13/52 slots (_ for help) (? for menu, Esc to quit)
You drop a ring mail.
You start resting.
HP restored.
You open the door.
An ogre comes into view. It is wielding a giant club.
The ogre shouts!
Attack whom?
Press: ? - help, Dir - move target cursor, f - ogre
Aim: an ogre, wielding a giant club You reach to attack!
You hit the ogre.
The ogre is lightly wounded.
You hit the ogre.
The ogre is moderately wounded.
The ogre hits you with a giant club!
Ouch! That really hurt!
You are too injured to fight recklessly!
You are too injured to fight recklessly!
You are too injured to fight recklessly!
You barely miss the ogre.
The ogre is moderately wounded.
The ogre closely misses you.
You hit the ogre.
The ogre is moderately wounded.
The ogre hits you with a giant club!!
Ouch! That really hurt!
You die...

##########
#<.#.@O..#
{
#..[..#..+
#..#### +#
#..# #..#
#..# #⌠⌠#
{ ####


You could see an ogre.

Vanquished Creatures
  Ijyb (D)
1 creature vanquished.

Notes
Turn   | Place    | Note
-------+----------+-------------------------------------------
     0 | D        | sankara the Formicid Fighter began the quest for the Orb.
     0 | D        | Reached XP level 1. HP: 18/18 MP: 1/1
     1 | D        | Noticed Ijyb
    25 | D        | Killed Ijyb
    25 | D        | Reached skill level 4 in Fighting
    25 | D        | Reached skill level 3 in Polearms
    25 | D        | Reached skill level 4 in Armour
    25 | D        | Reached skill level 1 in Dodging
    25 | D        | Reached skill level 2 in Stealth
    25 | D        | Reached skill level 4 in Shields
    25 | D        | Reached XP level 2. HP: 16/25 MP: 2/2
    25 | D        | Reached XP level 3. HP: 19/30 MP: 3/3
   127 | D        | Noticed an ogre
   131 | D        | Mangled by an ogre

Skill      XL: |  1 |
---------------+----+-----
Fighting       | 4 |  4.0
Polearms       | 3 |  3.5
Armour         | 4 |  4.0
Dodging        | 1 |  1.6
Stealth        | 2 |  2.5
Shields        | 4 |  4.4

Action                   || total
-------------------------++-------
Melee: Trident           ||    28
Armor: Scale mail        ||    11
Dodge: Dodged            ||     7
Block: Shield            ||     7

Vault maps used:
D:        dungeon_sprint_1

Table legend:
 A = Turns spent in this place as a percentage of turns spent in the entire game.
 B = Non-inter-level travel turns spent in this place as a percentage of non-inter-level travel turns spent in the entire game.
 C = Inter-level travel turns spent in this place as a percentage of turns spent in this place.
 D = Turns resting spent in this place as a percentage of non-inter-level travel turns spent in this place.
 E = Turns spent auto-exploring this place as a percentage of non-inter-level travel turns spent in this place.
 F = Non-inter-level travel turns spent in this place divided by the number of levels of this place that you've seen.
                   A       B       C       D       E      F
               +-------+-------+-------+-------+-------+----------------------
         Total | 100.0 | 100.0 |   0.0 |  72.5 |   0.0 | 131.0
       Dungeon | 100.0 | 100.0 |   0.0 |  72.5 |   0.0 | 131.0
               +-------+-------+-------+-------+-------+----------------------

Table legend:
 A = Kills in this place as a percentage of kills in entire the game.
 B = Kills by you in this place as a percentage of kills by you in the entire game.
 C = Kills by friends in this place as a percentage of kills by friends in the entire game.
 D = Other kills in this place as a percentage of other kills in the entire game.
 E = Experience gained in this place as a percentage of experience gained in the entire game.
 F = Experience gained in this place divided by the number of levels of this place that you have seen.
                   A       B       C       D       E      F
               +-------+-------+-------+-------+-------+----------------------
         Total | 100.0 | 100.0 |   N/A |   N/A | 100.0 |  35.0
       Dungeon | 100.0 | 100.0 |   N/A |   N/A | 100.0 |  35.0
               +-------+-------+-------+-------+-------+----------------------
